 Dungeon Crawl Stone Soup version 0.30-a0-250-g41c1d76940 (webtiles) character file.

Game seed: 13467225841375002083

820 Iusername the Shield-Bearer (level 7, -3/56 (63) HPs)
             Began as a Minotaur Fighter on Oct 12, 2022.
             Slain by a wight
             ... wielding a +4 mace
              (5 damage)
             ... on level 4 of the Dungeon.
             The game lasted 00:05:49 (3592 turns).

Iusername the Shield-Bearer (Minotaur Fighter)      Turns: 3592, Time: 00:05:51

HP:   -3/56 (63)    AC:  8    Str: 21 (22) XL:     7   Next: 63%
MP:   6/6           EV:  9    Int:  3 (5)  God:
Gold: 170           SH:  0    Dex:  8 (10) Spells: 6/6 levels left

rFire   . . .      SeeInvis .    d - +1 halberd (vorpal)
rCold   . . .      Faith    .    (shield currently unavailable)
rNeg    . . .      Spirit   .    b - +0 scale mail
rPois   .          Reflect  .    (helmet restricted)
rElec   .          Harm     .    g - +0 cloak
rCorr   .          Rampage  .    (no gloves)
Will    .....                    (no boots)
Stlth   ..........               (no amulet)
HPRegen 0.29/turn                (no ring)
MPRegen 0.10/turn                (no ring)

@: brilliant, heavily drained
A: horns 2, retaliatory headbutt
a: no special abilities


You were on level 4 of the Dungeon.
You visited 1 branch of the dungeon, and saw 4 of its levels.

You collected 170 gold pieces.

Inventory:

Hand Weapons
 d - a +1 vorpal halberd (weapon)
Armour
 b - a +0 scale mail (worn)
 g - a +0 cloak (worn)
Jewellery
 n - a ring of flight
Wands
 c - a wand of flame (11)
 o - a wand of quicksilver (6)
Scrolls
 e - a scroll of acquirement {unknown}
 k - 2 scrolls of teleportation {unknown}
 m - 2 scrolls of fear {unknown}
 r - a scroll of enchant armour {unknown}
 s - a scroll of blinking {unknown}
Potions
 h - a potion of attraction
 i - 2 potions of mutation


   Skills:
 + Level 6.2 Fighting
 + Level 5.7 Polearms
 + Level 6.2 Armour
 + Level 6.3 Shields


You had 6 spell levels left.
You didn't know any spells.
Your spell library contained the following spells:

 Spells                   Type           Power      Damage    Failure   Level
 Blink                    Tloc           0%         N/A       93%         2
 Momentum Strike          Conj/Tloc      0%         3d8       93%         2
 Lesser Beckoning         Tloc           0%         N/A       99%         3
 Ozocubu's Armour         Ice            0%         N/A       99%         3
 Metabolic Englaciation   Hex/Ice        0%         N/A       100%        5
 Simulacrum               Ice/Necr       0%         N/A       100%        6


Dungeon Overview and Level Annotations

Branches:
Dungeon (4/15)
 Temple: D:4-7

Altars:
Cheibriados
Dithmenos
Nemelex Xobeh
Trog
Yredelemnul


Innate Abilities, Weirdness & Mutations

You have a pair of horns on your head.
You reflexively headbutt those who attack you in melee.


Message History

You puncture the hound zombie!
The hound zombie is heavily damaged.
The hound zombie bites you.
The wight hits you from afar with a +4 spear!
The wight hits you with a +4 mace.
You feel drained.
You hit the hound zombie. Your headbutt misses the hound zombie.
The hound zombie is almost destroyed.
The hound zombie completely misses you. The giant cockroach closely misses you.
The wight hits you from afar with a +4 spear.
* * * LOW HITPOINT WARNING * * *
You feel drained.
* * * LOW HITPOINT WARNING * * *
The wight barely misses you.
The hound zombie bites you but does no damage.
It was a potion of degeneration.
There was something very wrong with that liquid.
You feel weakened.
You feel dopey.
You feel clumsy.
The giant cockroach bites you but does no damage.
The wight barely misses you. x2; The worm bites you but does no damage.
The hound zombie closely misses you.
The giant cockroach bites you but does no damage.
It was a potion of cancellation.
You feel magically purged.
The hound zombie bites you but does no damage.
The scorpion zombie hits you but does no damage.
The wight hits you from afar with a +4 spear.
* * * LOW HITPOINT WARNING * * *
You feel drained.
* * * LOW HITPOINT WARNING * * *
The wight hits you with a +4 mace.
* * * LOW HITPOINT WARNING * * *
The giant cockroach bites you but does no damage.
The worm bites you but does no damage.
It was a potion of brilliance.
You feel clever all of a sudden. The hound zombie barely misses you.
You furiously retaliate!
You headbutt the hound zombie.
You destroy the hound zombie!
The scorpion zombie hits you but does no damage.
The wight barely misses you. The wight hits you with a +4 mace.
You die...

#......#.####.......##
#...........#........#
#.....##.##..........#
#### #.....#.........
######..####....###...
#....).)# ##.##.# #..
#.....?##....##. ...
#....B.Z..### #. ###
#.....@w..>.#
#.....z.z...#
######........
.......## ...P...#
#.....### #.....#
#.....#


You could see a worm, 2 wights, a scorpion zombie and a giant cockroach.

Vanquished Creatures
  Sigmund (D:2)
  A phantom (D:4)
  3 wights (D:4)
  A water moccasin skeleton (D:4)
  A bullfrog zombie (D:4)
  Jessica (D:2)
  4 scorpion zombies (D:4)
  Terence (D:2)
  A hound zombie (D:4)
  A hound skeleton (D:4)
  4 gnolls (D:2)
  5 adders
  6 adder zombies (D:4)
  2 adder skeletons (D:4)
  2 worms (D:3)
  3 dart slugs
  2 orcs
  8 ball pythons
  6 bats
  2 endoplasms (D:4)
  A giant cockroach (D:2)
  4 goblins
  3 hobgoblins
  2 quokkas
  3 frilled lizards
  5 kobolds
  A quokka skeleton (D:4)
  2 rats
76 creatures vanquished.

Vanquished Creatures (others)
  A plant (D:4)
  2 withered plants (D:4)
3 creatures vanquished.

Grand Total: 79 creatures vanquished

Notes
Turn   | Place    | Note
-------+----------+-------------------------------------------
     0 | D:1      | Iusername the Minotaur Fighter began the quest for the Orb.
     0 | D:1      | Reached XP level 1. HP: 19/19 MP: 0/0
   515 | D:1      | Reached XP level 2. HP: 25/27 MP: 1/1
  1134 | D:2      | Noticed Sigmund
  1149 | D:2      | Killed Sigmund
  1150 | D:2      | Reached XP level 3. HP: 5/35 MP: 2/2
  1150 | D:2      | Reached XP level 4. HP: 5/41 MP: 3/3
  1150 | D:2      | Reached XP level 5. HP: 6/47 MP: 4/4
  1595 | D:2      | Found a snail-covered altar of Cheibriados.
  1652 | D:2      | Reached skill level 5 in Shields
  1895 | D:2      | Reached skill level 5 in Fighting
  1980 | D:2      | Noticed Jessica
  2008 | D:2      | Killed Jessica
  2009 | D:2      | Reached skill level 5 in Armour
  2129 | D:2      | Reached XP level 6. HP: 5/56 MP: 5/5
  2456 | D:2      | Noticed Terence
  2460 | D:2      | Killed Terence
  2788 | D:3      | Found a bloodstained altar of Trog.
  2879 | D:3      | Found a sparkling altar of Nemelex Xobeh.
  3062 | D:3      | Found a shadowy altar of Dithmenos.
  3153 | D:3      | Found a basalt altar of Yredelemnul.
  3435 | D:4      | Reached skill level 5 in Polearms
  3472 | D:4      | Reached XP level 7. HP: 62/62 MP: 6/6
  3591 | D:4      | HP: 2/56 [wight/+4 mace (6)]
  3592 | D:4      | Slain by a wight

Illustrated notes

Levels and vault maps discovered:
D:1:      heliophobic_arrival_dark_side_of_the_moon, layout_loops_corners
D:2:      layout_loops_ring, basic_altar, grunt_ministairs_3, uniq_sigmund,
          uniq_jessica, uniq_terence
D:3:      layout_loops_ring, lemuel_round_altar,
          mainiacjoe_overflow_cross_hatched,
          mainiacjoe_overflow_small_starburst, mainiacjoe_overflow_paths
D:4:      corexii_shack_village, layout_rooms, chei_slow_surprise,
          serial_undead, serial_undead_b, serial_undead_a, serial_undead_d,
          serial_undead_b, serial_undead_b, serial_undead_f, serial_undead_a

Skill      XL: |  1  2  3  4  5  6  7 |
---------------+----------------------+-----
Shields        | 4 5 6 |  6.3
Fighting       | 4 5 6 |  6.2
Polearms       | 4 5 |  5.7
Armour         | 4 5 6 |  6.2

Action                   |  1- 3 |  4- 6 |  7- 9 || total
-------------------------+-------+-------+-------++-------
Melee: Trident           |    54 |    49 |       ||   103
       Headbutt          |     2 |    13 |     7 ||    22
       Halberd           |       |    64 |    46 ||   110
  Use: Potion            |       |     1 |     7 ||     8
       Scroll            |       |     6 |       ||     6
Armor: Scale mail        |    18 |    38 |    45 ||   101
Dodge: Dodged            |    19 |    43 |    60 ||   122
Block: Buckler           |     5 |     9 |       ||    14

Table legend: (Time is in decaauts)
 A = Elapsed time spent in this place.
 B = Non-inter-level travel time spent in this place.
 C = Inter-level travel time spent in this place.
 D = Time resting spent in this place.
 E = Time spent auto-exploring this place.
 F = Levels seen in this place.
 G = Mean time per level.
                   A        B        C        D        E       F      G
               +--------+--------+--------+--------+--------+-----+--------+
         Total |   3638 |   3511 |    127 |    904 |   2006 |   4 |  909.5 |
       Dungeon |   3638 |   3511 |    127 |    904 |   2006 |   4 |  909.5 |
               +--------+--------+--------+--------+--------+-----+--------+

Top non-repeatable levels by time:
     D:2: 1651 daAuts
     D:1: 931 daAuts
     D:3: 786 daAuts
     D:4: 269 daAuts
